General information
- name: BNet
- type: Ladder team game (AT/RT)
- host: Battle.net
- saver: teelo
map: MarketSquare
- players: 8
- length: 09:09
- speed: Fast
- version: 1.26 W3XP
- replay type: Public
» download(73 KB)
Players
team 1 (winner)
BloodRush (
orange | 77 APM | 708 actions | 09:09)
2 Blademaster
1 Wind Walk
1 Critical Strike
1 Shadow Hunter
1 Healing Wave
» actions
| Assign group hotkey | 15 | |
| Basic commands | 40 | |
| Build / train | 23 | |
| Enter build submenu | 11 | |
| Enter hero's abilities submenu | 3 | |
| Right click | 323 | |
| Select / deselect | 153 | |
| Select group hotkey | 114 | |
| Use ability | 26 | |
708 total
» units
| Peon | 8 | |
| Grunt | 6 | |
| Troll Witch Doctor | 1 | |
15 total
» upgrades
» buildings
| Altar of Storms | 1 | |
| Orc Burrow | 4 | |
| Barracks | 1 | |
| Voodoo Lounge | 1 | |
| Stronghold | 1 | |
| War Mill | 1 | |
| Spirit Lodge | 2 | |
| Fortress | 1 | |
12 total
» build order
00:09 Altar of Storms
00:20 Orc Burrow
00:54 Barracks
01:29 Orc Burrow
01:57 Voodoo Lounge
02:56 Stronghold
03:33 War Mill
04:08 Orc Burrow
04:20 Orc Burrow
05:21 Spirit Lodge
06:12 Spirit Lodge
07:06 Fortress

»
Sorrry-Snatch (
teal | 77 APM | 707 actions | 09:09)
2 Priestess of the Moon
1 Searing Arrows
1 Trueshot Aura
» actions
| Assign group hotkey | 12 | |
| Build / train | 35 | |
| Enter build submenu | 10 | |
| Enter hero's abilities submenu | 2 | |
| Remove unit from queue | 4 | |
| Right click | 327 | |
| Select / deselect | 96 | |
| Select group hotkey | 204 | |
| Use ability | 17 | |
707 total
» units
| Wisp | 11 | |
| Archer | 8 | |
| Hippogryph | 3 | |
| Chimaera | 2 | |
24 total
» upgrades
| Improved Bows | 1 | |
| Strength of the Wild | 1 | |
2 total
» buildings
| Altar of Elders | 1 | |
| Moon Well | 4 | |
| Ancient of War | 1 | |
| Tree of Ages | 1 | |
| Tree of Eternity | 1 | |
| Ancient of Wind | 1 | |
| Hunter's Hall | 1 | |
| Chimaera Roost | 2 | |
12 total
» build order
00:07 Altar of Elders
00:13 Moon Well
00:52 Ancient of War
01:33 Moon Well
02:39 Tree of Ages
03:12 Moon Well
04:22 Moon Well
05:02 Tree of Eternity
05:06 Ancient of Wind
05:57 Hunter's Hall
07:27 Chimaera Roost
07:29 Chimaera Roost
JibberJabberNig (
yellow | 100 APM | 919 actions | 09:09)
3 Goblin Alchemist
2 Chemical Rage
1 Acid Bomb
» actions
| Assign group hotkey | 16 | |
| Basic commands | 3 | |
| Build / train | 33 | |
| ESC pressed | 3 | |
| Enter build submenu | 10 | |
| Enter hero's abilities submenu | 4 | |
| Right click | 451 | |
| Select / deselect | 124 | |
| Select group hotkey | 244 | |
| Use ability | 31 | |
919 total
» units
| Wisp | 14 | |
| Archer | 8 | |
| Forest Troll High Priest | 1 | |
23 total
» buildings
| Moon Well | 3 | |
| Altar of Elders | 2 | |
| Ancient of War | 1 | |
| Tree of Ages | 1 | |
| Ancient of Wonders | 1 | |
| Hunter's Hall | 1 | |
| Ancient of Wind | 1 | |
| Tree of Eternity | 2 | |
12 total
» build order
00:12 Moon Well
00:21 Altar of Elders
00:38 Moon Well
00:55 Ancient of War
01:24 Altar of Elders
01:48 Moon Well
03:28 Tree of Ages
04:22 Ancient of Wonders
05:58 Hunter's Hall
07:48 Ancient of Wind
07:50 Tree of Eternity
07:50 Tree of Eternity
» items
| Boots of Speed | 1 | |
| Staff of Teleportation | 1 | |
2 total
KcMaths (
green | 42 APM | 382 actions | 09:09)
2 Keeper of the Grove
1 Force of Nature
1 Entangling Roots
» actions
| Build / train | 28 | |
| Enter build submenu | 16 | |
| Enter hero's abilities submenu | 2 | |
| Remove unit from queue | 4 | |
| Right click | 177 | |
| Select / deselect | 139 | |
| Use ability | 16 | |
382 total
» units
| Wisp | 8 | |
| Archer | 5 | |
| Huntress | 4 | |
| Glaive Thrower | 2 | |
19 total
» upgrades
| Strength of the Moon | 1 | |
| Moon Armor | 1 | |
| Reinforced Hides | 1 | |
3 total
» buildings
| Altar of Elders | 2 | |
| Moon Well | 3 | |
| Ancient of War | 1 | |
| Hunter's Hall | 1 | |
| Tree of Ages | 1 | |
| Tree of Life | 2 | |
| Ancient of Lore | 1 | |
11 total
» build order
00:10 Altar of Elders
00:18 Altar of Elders
00:20 Moon Well
00:55 Ancient of War
01:25 Moon Well
02:44 Hunter's Hall
05:09 Tree of Ages
05:20 Tree of Life
08:25 Tree of Life
08:38 Ancient of Lore
08:44 Moon Well
team 2 (loser)

»
Mia-G (
purple | 83 APM | 727 actions | 08:48)
3 Paladin
1 Holy Light
2 Devotion Aura
» actions
| Assign group hotkey | 15 | |
| Basic commands | 9 | |
| Build / train | 33 | |
| Enter build submenu | 12 | |
| Enter hero's abilities submenu | 3 | |
| Right click | 231 | |
| Select / deselect | 145 | |
| Select group hotkey | 244 | |
| Use ability | 35 | |
727 total
» units
» upgrades
» buildings
| Farm | 4 | |
| Altar of Kings | 1 | |
| Barracks | 1 | |
| Lumber Mill | 1 | |
| Scout Tower | 2 | |
| Arcane Tower | 1 | |
| Town Hall | 1 | |
| Keep | 1 | |
| Blacksmith | 1 | |
13 total
» build order
00:06 Farm
00:09 Altar of Kings
00:19 Barracks
00:44 Farm
01:22 Lumber Mill
01:37 Scout Tower
01:52 Farm
02:24 Arcane Tower
02:36 Farm
04:24 Town Hall
05:56 Keep
05:58 Blacksmith
06:01 Scout Tower

»
teelo (
red | 48 APM | 437 actions | 09:09)
2 Blademaster
1 Wind Walk
1 Critical Strike
» actions
| Assign group hotkey | 20 | |
| Basic commands | 6 | |
| Build / train | 28 | |
| Enter build submenu | 14 | |
| Enter hero's abilities submenu | 2 | |
| Give item / drop item | 1 | |
| Remove unit from queue | 1 | |
| Right click | 176 | |
| Select / deselect | 61 | |
| Select group hotkey | 102 | |
| Use ability | 26 | |
437 total
» units
» upgrades
» buildings
| War Mill | 2 | |
| Orc Burrow | 4 | |
| Altar of Storms | 1 | |
| Voodoo Lounge | 1 | |
| Barracks | 3 | |
| Watch Tower | 1 | |
| Stronghold | 1 | |
13 total
» build order
00:21 War Mill
00:24 Orc Burrow
00:43 Altar of Storms
00:54 Voodoo Lounge
01:24 War Mill
01:58 Barracks
02:17 Orc Burrow
03:02 Watch Tower
03:33 Stronghold
04:50 Barracks
04:50 Barracks
06:05 Orc Burrow
06:12 Orc Burrow
» items
| Healing Salve | 2 | |
| Lesser Clarity Potion | 3 | |
| Scroll of Speed | 1 | |
6 total

»
sickyy123 (
blue | 33 APM | 304 actions | 09:09)
2 Demon Hunter
1 Immolation
1 Mana Burn
» actions
| Build / train | 29 | |
| Enter build submenu | 16 | |
| Enter hero's abilities submenu | 2 | |
| Right click | 113 | |
| Select / deselect | 127 | |
| Use ability | 17 | |
304 total
» units
» upgrades
| Improved Bows | 1 | |
| Hippogryph Taming | 1 | |
| Strength of the Moon | 1 | |
3 total
» buildings
| Altar of Elders | 1 | |
| Moon Well | 5 | |
| Ancient of War | 2 | |
| Tree of Ages | 1 | |
| Hunter's Hall | 1 | |
| Ancient Protector | 2 | |
| Ancient of Wind | 2 | |
14 total
» build order
00:20 Altar of Elders
00:35 Moon Well
00:52 Ancient of War
01:40 Moon Well
02:31 Tree of Ages
03:07 Hunter's Hall
03:14 Moon Well
04:07 Ancient of War
04:18 Ancient Protector
04:25 Ancient Protector
05:15 Ancient of Wind
05:20 Ancient of Wind
07:50 Moon Well
08:04 Moon Well
Slapped (
pink | 112 APM | 985 actions | 08:50)
4 Blademaster
2 Wind Walk
2 Critical Strike
» actions
| Assign group hotkey | 4 | |
| Build / train | 33 | |
| Enter build submenu | 13 | |
| Enter hero's abilities submenu | 3 | |
| Give item / drop item | 2 | |
| Remove unit from queue | 3 | |
| Right click | 545 | |
| Select / deselect | 72 | |
| Select group hotkey | 274 | |
| Use ability | 36 | |
985 total
» units
» upgrades
| Pillage | -1 | |
| Ranged Weapons | 1 | |
| Envenomed Spears | 1 | |
1 total
» buildings
| Altar of Storms | 1 | |
| Orc Burrow | 4 | |
| Voodoo Lounge | 1 | |
| War Mill | 1 | |
| Stronghold | 3 | |
| Watch Tower | 4 | |
| Fortress | 1 | |
| Beastiary | 2 | |
17 total
» build order
00:04 Altar of Storms
00:19 Orc Burrow
01:04 Voodoo Lounge
01:22 War Mill
02:20 Stronghold
02:20 Stronghold
02:21 Stronghold
02:45 Watch Tower
03:26 Watch Tower
04:17 Watch Tower
04:20 Watch Tower
04:45 Fortress
05:01 Beastiary
05:04 Beastiary
05:40 Orc Burrow
07:55 Orc Burrow
08:04 Orc Burrow
» items
| Healing Salve | 2 | |
| Lesser Clarity Potion | 3 | |
| Circlet of Nobility | 1 | |
| Boots of Speed | 1 | |
7 total
Chat log
(00:08 / Allies) Slapped: tc hh sham
(00:12 / Allies) Mia-G: melee
(00:17 / Allies) sickyy123: hippd
(00:19 / Allies) teelo: ok there goes the evil plan of red+pink BM harass
(00:30 / Allies) Slapped: down
(00:31 / Allies) Slapped: lol
(00:40 / Allies) teelo: but you said TC
(00:45 / Allies) Slapped: im teching then
(00:47 / Allies) Slapped: sinceu broughti t up
(00:48 / Allies) teelo: k
(01:00 / Allies) teelo: I'll tech bats
(01:05 / Allies) Slapped: no
(01:14 / Allies) Slapped: get tauren doc
(01:15 / Allies) Slapped: pls
(01:19 / Allies) teelo: fine
(01:40 / Allies) Slapped: tower
(01:42 / Allies) Slapped: every1
(01:43 / Allies) Slapped: a few
(01:49 / Allies) sickyy123: ues
(01:53 / Allies) sickyy123: yes
(03:07 / Allies) teelo: he can handle it
(03:16 / Allies) Slapped: red
(03:17 / Allies) Slapped: go fuck ursel
(03:26 / Allies) teelo: IM SORY I THOUGHT THIS WAS A TEAM GAME
(03:34 / Allies) Slapped: jst take my creep kil?
(03:36 / Allies) Slapped: ur fucking dumb
(04:26 / Allies) teelo: you're dumb for selling your TP, this isn't 1v1
(04:32 / Allies) Slapped: hey dumbass
(04:35 / Allies) Slapped: im better than you
(04:38 / Allies) teelo: yes, retard?
(04:38 / Allies) Mia-G: all please
(04:50 / Allies) Slapped: yes
(04:52 / Allies) Slapped: u agree
(05:02 / Allies) teelo: at least I have a firm grasp on the english language
(05:17 / Allies) Slapped: this isnt hooked on phonics
(05:26 / Allies) Slapped: take that shit somewhere else
(05:27 / Allies) teelo: no exucse for being a retard
(05:56 / Allies) teelo: ping more it might make me move faster
(06:49 / Allies) teelo: anyway pink
(06:50 / Allies) teelo: cry more
(06:59 / Allies) teelo: boo hoo your ally took a killing blow
(07:04 / Allies) teelo: yeah you'll totally miss the 22 gold
(07:11 / Allies) teelo: harden the fuck up, pansy
(08:37 / Allies) Mia-G: =-;/
(08:39 / Allies) Mia-G: FGOD
(08:45 / Allies) Mia-G: IDIOT
(08:50 / All) teelo: check it out, pink sold his starting TP, now he cant TP over to stop me backstabbing him
(08:54 / All) BloodRush: haha
(09:04 / All) KcMaths: gg :)
(09:06 / All) teelo: sorry blue